 Dungeon Crawl Stone Soup version 0.28.0-45-g0d030f2227 (webtiles) character file.

Game seed: 13011664264164931095

4 Applezz the Caller (level 1, -2/9 HPs)
             Began as a Vine Stalker Summoner on Apr 15, 2022.
             Slain by a frilled lizard (3 damage)
             ... on level 2 of the Dungeon.
             The game lasted 00:03:00 (323 turns).

Applezz the Caller (Vine Stalker Summoner)           Turns: 323, Time: 00:03:01

Health: -2/9       AC:  2    Str: 10    XL:     1   Next: 70%
Magic:  0/4        EV: 12    Int: 15    God:
Gold:   16         SH:  0    Dex: 14    Spells: 3/4 levels left

rFire   . . .      SeeInvis .   b - +0 spear
rCold   . . .      Faith    .   (no shield)
rNeg    . . .      Spirit   +   a - +0 robe
rPois   .          Reflect  .   (no helmet)
rElec   .          Harm     .   (no cloak)
rCorr   .          Rampage  .   (no gloves)
Will    .....                   (no boots)
Stlth   ++........              (no amulet)
HPRegen 0.03/turn               (no ring)
MPRegen 0.09/turn               (no ring)

@: no status effects
A: fangs 2, magic shield, antimagic bite, no potion heal 2
a: no special abilities


You were on level 2 of the Dungeon.
You visited 1 branch of the dungeon, and saw 3 of its levels.

You collected 16 gold pieces.

Inventory:

Hand Weapons
 b - a +0 spear (weapon)
 c - a +0 whip
 f - a +0 spear
Armour
 a - a +0 robe (worn)
 g - a +0 robe


   Skills:
 + Level 1.5 Dodging
 + Level 2.4 Stealth
 + Level 2.3 Spellcasting
 + Level 4.1 Summonings


You had 3 spell levels left.
You knew the following spells:

 Your Spells              Type           Power      Damage    Failure   Level
a - Summon Small Mammal   Summ           56%        N/A       3%          1

Your spell library contained the following spells:

 Spells                   Type           Power      Damage    Failure   Level
 Call Imp                 Summ           14%        N/A       6%          2
 Call Canine Familiar     Summ           14%        N/A       12%         3
 Summon Guardian Golem    Hex/Summ       8%         N/A       26%         3
 Summon Lightning Spire   Summ/Air       8%         N/A       65%         4


Dungeon Overview and Level Annotations

Branches:
Dungeon (3/15)

Altars:


Innate Abilities, Weirdness & Mutations

You have extremely sharp teeth.
When hurt, damage is shared between your health and your magic reserves.
Your bite disrupts and absorbs the magic of your enemies.
Potions cannot restore your health.


Message History

The goblin shouts!
There is an open door here.
The goblin hits you but does no damage. The hobgoblin barely misses you.
A frilled lizard comes into view.
Found 14 gold pieces.
The bat hits you but does no damage. The bat hits you but does no damage.
The bat hits you but does no damage. The bat misses you.
Okay, then.
The bat hits you but does no damage. The bat barely misses you.
The bat closely misses you. The bat barely misses you.
The bat closely misses you. The bat hits you but does no damage.
The bat hits you.
* * * LOW HITPOINT WARNING * * *
The bat barely misses you. The bat hits you but does no damage.
The bat closely misses you. The bat hits you. The bat misses you.
As you read the scroll labelled XAEFANIUMY, it crumbles to dust.
You feel strangely unstable.
It was a scroll of teleportation.
The bat misses you.
You closely miss the bat. You bite the bat. You drain its power.
You feel invigorated.
The bat is moderately wounded.
The bat misses you.
As you read the scroll labelled ULIWKI ROETHUA, it crumbles to dust.
It is a scroll of identify.
You don't have any unidentified items.
Your surroundings suddenly seem different.
A frilled lizard comes into view.
Casting: Summon Small Mammal (safe; 3% risk of failure)
Press: ? - help, Q - select action Dir - look around, f - activate
Casting: Summon Small Mammal (safe; 3% risk of failure)
Press: ? - help, Q - select action Dir - look around, f - activate The frilled lizard hisses angrily.
Your bat hits the frilled lizard. The frilled lizard bites your bat.
Your bat dies!
Your bat's corpse disappears in a puff of smoke!
The frilled lizard bites you.
You die...

###.#...
..#
......##.:#
##.....
##.## . ...
#####.....
#.@.ยง.....
#r.l######
#####


You could see a frilled lizard (ally target) and a friendly quokka (summoned).

Vanquished Creatures
  An endoplasm (D:1)
1 creature vanquished.

Vanquished Creatures (collateral kills)
  A ball python (D:3)
  A hobgoblin (D:2)
  A rat (D:2)
3 creatures vanquished.

Grand Total: 4 creatures vanquished

Notes
Turn   | Place    | Note
-------+----------+-------------------------------------------
     0 | D:1      | Applezz the Vine Stalker Summoner began the quest for the
                  | Orb.
     0 | D:1      | Reached XP level 1. HP: 9/9 MP: 4/4
   323 | D:2      | Slain by a frilled lizard

Illustrated notes

Levels and vault maps discovered:
D:1:      beargit_arrival_greenhouse, layout_rooms
D:2:      minmay_alternating_diamond, layout_basic,
          hellmonk_ecumenical_altar_zigzags, uniq_crazy_yiuf_cottage
D:3:      layout_basic, mainiacjoe_overflow_cross_hatched,
          pdpol_wu_jian_five_deadly_venoms, hangedman_decor_points, uniq_robin

Action                   || total
-------------------------++-------
Melee: Spear             ||     3
       Bite              ||     2
 Cast: Summon Small Mamm ||    21
  Use: Scroll            ||     2
Armor: Robe              ||    10
Dodge: Dodged            ||    23
